Unix NetHack Version 5.0.0-0 post-release - last build May 23 2026 06:08:33 (1c0ff79ee797540d5714e4e18072db0edd9e58ae,branch:main).

Game began 2026-05-25 03:39:55, ended 2026-05-25 20:16:39.

Brudee, neutral female human Tourist

         --------
         |<.....|
         |......|
         |.......                     #
         |......|                     #
         --.-----                   ###          ##a
           #                       ################@#######
           #                        #        ------[-----#
           #                        #        |..........|
       ----.--                      #        |..........|
       |.....|#   #####            ###       |..........|
       |.....-########-+------------#        |..........|
       |.....|       #-....^.......|#        |..........|
       -------        |.<..........|#        ------------
                      |............-#
                      --------------

Brudee the Excursionist     St:13 Dx:10 Co:25 In:15 Wi:13 Ch:18  Neutral S:15292
Dlvl:6  $:307 HP:0(64) Pw:39(39) AC:-1 Xp:9/3678 T:13927 

Latest messages:
 You are freezing to death!
 You destroy the ice vortex!
 You hit the giant beetle!
 The giant beetle bites!
 You hit the giant beetle!
 You hit the leather golem.
 The leather golem hits!
 The leather golem hits again!
 You hit the leather golem!
 The leather golem hits!
 The leather golem hits again!
 You hit the leather golem.
 The leather golem hits!
 The leather golem misses!
 You hit the leather golem!
 You hit the leather golem!
 You hit the leather golem!
 The leather golem hits!
 The leather golem just misses!
 You hit the leather golem!
 You destroy the leather golem!
 You hit the giant beetle.
 The giant beetle bites!
 You kill the giant beetle!
 There is a giant beetle corpse here; eat it? [ynq] (n) y
 This giant beetle corpse is tough.
 You finish eating the giant beetle corpse.
 G - a scroll labeled HACKEM MUCHE.
 There is nothing here to pick up.
 You see here a blindfold.
 You see here a blindfold.
 d - a blindfold.
 You stop.  Your pony is in the way!
 You stop.  Your pony is in the way!
 The ettin zombie hits!
 The ettin zombie misses!
 You hit the ettin zombie!
 The ettin zombie hits!
 The ettin zombie misses!
 The ettin zombie hits!
 The ettin zombie hits again!
 You hear some noises.
 You swap places with your pony.
 The soldier ant bites!
 The soldier ant misses!
 The soldier ant misses!
 The soldier ant stings!
 You die...
 Do you want your possessions identified? [ynq] (y) y
 Do you want to see your attributes? [ynq] (y) q

Inventory:
 Coins    ('$')
  $ - 307 gold pieces
 Weapons  (')')
  K - 4 +2 darts
  Q - 13 +0 darts (at the ready)
  l - 10 +0 shuriken
  o - the blessed rustproof +3 Ogresmasher (weapon in right hand)
  R - a blessed +0 silver mace (alternate weapon; not wielded)
 Armor    ('[')
  g - an uncursed +0 elven leather helm
  q - a blessed cracked +3 helm of brilliance (being worn)
  F - an uncursed +0 pair of leather gloves (being worn)
  s - an uncursed +0 pair of water walking boots (being worn)
  y - an uncursed +0 shield of drain resistance
  Y - an uncursed +0 cloak of invisibility
  m - an uncursed +0 Hawaiian shirt with a bird of paradise motif (being worn)
  w - an uncursed +0 dwarvish mithril-coat (being worn)
 Comestibles  ('%')
  v - an uncursed slime mold
  X - an uncursed carrot
  T - an uncursed cream pie
  H - an uncursed food ration
  O - an uncursed K-ration
 Scrolls  ('?')
  P - an uncursed scroll of destroy armor
  B - an uncursed scroll of light
  G - an uncursed scroll of scare monster
 Potions  ('!')
  I - a blessed potion of healing
  C - 2 uncursed potions of healing
  c - an uncursed potion of levitation
  k - an uncursed potion of paralysis
  f - a blessed potion of speed
  p - an uncursed potion of speed
  L - 3 potions of holy water
 Wands    ('/')
  D - a wand of digging (0:8)
  E - a wand of digging (0:6)
  J - a wand of digging (0:5)
  U - a wand of sleep (0:0)
  e - a wand of speed monster (0:1)
 Tools    ('(')
  i - a blessed bag of holding containing 9 items
  S - an empty uncursed bag of holding
  M - an uncursed bugle
  d - an uncursed blindfold
  n - an expensive camera (0:79)
  h - an uncursed leash
  a - an uncursed magic whistle
  N - an uncursed oil lamp
  V - an uncursed stethoscope
  u - a blessed +0 unicorn horn
 Gems/Stones  ('*')
  j - an uncursed amethyst stone
  z - 5 uncursed diamonds
  r - 3 uncursed emeralds
  Z - 3 uncursed worthless pieces of black glass
  t - an uncursed worthless piece of green glass
  x - an uncursed worthless piece of orange glass
  A - 2 uncursed worthless pieces of white glass
  b - an uncursed worthless piece of yellowish brown glass
  W - a blessed luckstone

Contents of the bag of holding:
  a blessed scroll of blank paper
  an uncursed scroll of blank paper
  an uncursed scroll of create monster
  2 uncursed scrolls of fire
  a cursed scroll of fire
  an uncursed scroll of teleportation
  a wand of light (0:6)
  an uncursed skeleton key
  an uncursed tin whistle

Brudee the Tourist's attributes:

Background:
 You were an Excursionist, a level 9 female human Tourist.
 You were neutral, on a mission for The Lady
 who was opposed by Blind Io (lawful) and Offler (chaotic).
 You were right-handed.
 You were in the Dungeons of Doom, on level 6.
 You entered the dungeon 13927 turns ago.
 You had 3678 experience points, 1442 more were needed to attain level 10.
 Your score was 15292 before end-of-game adjustments.

Basics:
 You had 0 out of 64 hit points.
 You had all 39 energy points (spell power).
 Your armor class was -1.
 Your wallet contained 307 zorkmids.
 Autopickup was on for '$!=+?/"' plus thrown.

Final Characteristics:
 Your strength was 13 (limit:18/100).
 Your dexterity was 10 (limit:18).
 Your constitution was 25 (base:17, innate limit:18).
 Your intelligence was 15 (base:12, limit:18).
 Your wisdom was 13 (base:10, limit:18).
 Your charisma was 18 (limit:18).

Final Status:
 You weren't hungry.
 You were unencumbered.
 You were wielding a hammer.
 You had basic skill with hammer.

Final Attributes:
 You were piously aligned.
 You were sleep resistant.
 You were shock resistant.
 You were telepathic.
 You could walk on water.
 You were guarded.
 You were lucky.
 You had extra luck.
 Good luck did not time out for you.
 You are dead.

Miscellaneous:
 You didn't encounter any bones levels.
 Total elapsed playing time was 2 hours, 21 minutes and 51 seconds.

Major events:
 Turn
    1: Brudee the neutral female human Tourist entered the dungeon
 1769: attained the rank of Sightseer (level 3)
 6934: attained the rank of Excursionist (level 6)
 7103: entered the Gnomish Mines
 7263: was bestowed with Ogresmasher by The Lady
 8495: reached Mine Town
10722: acquired the Mines' End luckstone
13927: killed by a soldier ant

You didn't know any spells.

Skills:
 Fighting Skills
   bare handed combat [Unskilled]
   two weapon combat  [Skilled]
   riding             [Unskilled]
 Weapon Skills
   dagger             [Unskilled]
   knife              [Unskilled]
   axe                [Unskilled]
   pick-axe           [Unskilled]
   short sword        [Unskilled]
   broadsword         [Unskilled]
   long sword         [Unskilled]
   two-handed sword   [Unskilled]
   saber              [Unskilled]
   mace               [Basic]
   morning star       [Unskilled]
   flail              [Unskilled]
   hammer             [Basic]
   quarterstaff       [Unskilled]
   polearms           [Unskilled]
   spear              [Unskilled]
   trident            [Unskilled]
   lance              [Unskilled]
   bow                [Unskilled]
   sling              [Unskilled]
   crossbow           [Unskilled]
   dart               [Skilled]
   shuriken           [Unskilled]
   boomerang          [Unskilled]
   whip               [Unskilled]
   unicorn horn       [Unskilled]
 Spellcasting Skills
   divination spells  [Unskilled]
   enchantment spells [Unskilled]
   escape spells      [Unskilled]

Voluntary challenges:
 Character rerolling was not enabled.
 You never genocided any monsters.
 You never polymorphed an object.
 You never changed form.
 You used no wishes.
Achievements:
 You attained the rank of Sightseer.
 You entered a shop.
 You attained the rank of Excursionist.
 You entered the Gnomish Mines.
 You entered Minetown.
 You entered a temple.
 You completed the Gnomish Mines.

 The Dungeons of Doom: levels 1 to 6
    Level 1:
       An altar to The Lady.
    Level 2:
       A potion shop, an altar to The Lady, a sink.
    Level 3:
       A general store.
       Stairs down to The Gnomish Mines.
    Level 4:
       A sink.
    Level 5:
       Many fountains.
       Oracle of Delphi.
    Level 6: <- You were here.
       Final resting place for
          you, killed by a soldier ant.
 The Gnomish Mines: levels 4 to 11
    Level 4:
    Level 5:
    Level 6:
       Many shops, a temple and an altar, many fountains.
    Level 7:
    Level 8:
    Level 9:
    Level 10:
    Level 11:


Vanquished creatures:
  a vampire leader
  a water demon
  2 wargs
  a small mimic
  a warhorse
 an ettin mummy
 an ogre leader
  a quantum mechanic
  a troll
  a gelatinous cube
  a freezing sphere
  2 ochre jellies
  a leather golem
  3 Grey-elves
  2 soldiers
  4 watchmen
  a giant beetle
  a quivering blob
  3 leprechauns
 an iron piercer
  a giant spider
 an ice vortex
  a black light
  a vampire bat
  4 gnome rulers
  a rust monster
  a lizard
  a dog
  a white unicorn
  a dust vortex
  2 gnome mummies
  a snake
  a Woodland-elf
  a bugbear
  a mountain nymph
  7 Mordor orcs
  a rock piercer
  2 fog clouds
  2 yellow lights
  3 shriekers
  a violet fungus
 15 gnome leaders
  6 gnomish wizards
  a kobold mummy
  a gray ooze
 an elf zombie
  a straw golem
  a paper golem
  a baby crocodile
  6 giant ants
  3 floating eyes
 23 dwarves
  6 homunculi
  2 kobold leaders
  6 hill orcs
  4 rothes
  3 rabid rats
  2 centipedes
  5 giant bats
  a dwarf zombie
  3 wererats
  a werejackal
  5 iguanas
  2 killer bees
  4 acid blobs
  2 gas spores
  6 hobbits
  3 manes
  3 large kobolds
  a hobgoblin
 11 giant rats
  3 cave spiders
  a brown mold
  4 yellow molds
  4 red molds
 58 gnomes
  a garter snake
  2 gnome zombies
 12 geckos
  9 jackals
  3 foxes
  3 kobolds
  4 goblins
  9 sewer rats
  8 grid bugs
  3 bats
 10 lichens
  4 kobold zombies
 24 newts
356 creatures vanquished.

No species were genocided or became extinct.

Game over:
                       ----------
                      /          \
                     /    REST    \
                    /      IN      \
                   /     PEACE      \
                  /                  \
                  |      Brudee      |
                  |      307 Au      |
                  |   killed by a    |
                  |   soldier ant    |
                  |                  |
                  |                  |
                  |       2026       |
                 *|     *  *  *      | *
        _________)/\\_//(\/(/\)/\//\/|_)_______

Aloha Brudee the Tourist...

You died in The Dungeons of Doom on dungeon level 6 with 15292 points,
and 307 pieces of gold, after 13927 moves.
You were level 9 with a maximum of 64 hit points when you died.

